[Event "*** SCC Grand Prix: Titled Tuesday Blitz"]
[Site "Chess.com"]
[Date "2020.08.04"]
[Round "5"]
[White "Zenzo"]
[Black "AJSC02"]
[Result "0-1"]
[WhiteElo "2478"]
[BlackElo "2265"]
[TimeControl "180+1"]
[EndTime "14:36:17 PDT"]
[Termination "AJSC02 won by checkmate"]

1. e4 c5 2. Nf3 Nc6 3. d4 cxd4 4. Nxd4 Nf6 5. Nc3 e5 6. Ndb5 d6 7. a4 a6 8. Na3 Bg4 9. Be2 Bxe2 10. Qxe2 Nd4 11. Qd3 d5 12. Nxd5 Nxd5 13. exd5 Qxd5 14.
O-O Rd8 15. Be3 Be7 16. Bxd4 Qxd4 17. Qxd4 Rxd4 18. c3 Rxa4 19. b4 O-O 20. Nc4 Rxa1 21. Rxa1 Rd8 22. Rd1 Rxd1# 0-1

[Event "*** SCC Grand Prix: Titled Tuesday Blitz"]
[Site "Chess.com"]
[Date "2020.08.04"]
[Round "5"]
[White "Justinz"]
[Black "ChainsOfFantasia"]
[Result "0-1"]
[WhiteElo "2349"]
[BlackElo "2508"]
[TimeControl "180+1"]
[EndTime "14:37:01 PDT"]
[Termination "ChainsOfFantasia won by resignation"]

1. e4 e6 2. d4 d5 3. Nc3 Nf6 4. Bg5 dxe4 5. Nxe4 Be7 6. Bxf6 gxf6 7. Nf3 f5 8. Nc3 a6 9. Qd2 c5 10. O-O-O cxd4 11. Nxd4 Nc6 12. Be2 Nxd4 13. Qxd4 Qxd4 14. Rxd4 Bc5 15.
Rd2 Bxf2 16. Bb5+ axb5 17. Rxf2 b4 18. Nb5 Rxa2 19. Kb1 Ra5 20. Nd6+ Ke7 21. Rd1 Bd7 22. Rf4 Rha8 0-1

[Event "*** SCC Grand Prix: Titled Tuesday Blitz"]
[Site "Chess.com"]
[Date "2020.08.04"]
[Round "5"]
[White "creativity"]
[Black "Artem_Sadovsky"]
[Result "0-1"]
[WhiteElo "2033"]
[BlackElo "2397"]
[TimeControl "180+1"]
[EndTime "14:37:29 PDT"]
[Termination "Artem_Sadovsky won by resignation"]

1. d4 g6 2. c4 Bg7 3. Nf3 d6 4. Nc3 e5 5. g3 Nc6 6. d5 Nce7 7. Bg2 f5 8. e4 Nf6 9. O-O O-O 10. Bg5 h6 11. Bxf6 Rxf6 12. exf5 gxf5 13. Nd2 Bd7 14.
Qe2 Ng6 15. Rad1 Qf8 16. Rfe1 Re8 17. Nf1 a6 18. Bh3 e4 19. Qh5 Ne5 20. Nxe4 fxe4 21. Bxd7 Nxd7 22. Ne3 Ne5 0-1

[Event "*** SCC Grand Prix: Titled Tuesday Blitz"]
[Site "Chess.com"]
[Date "2020.08.04"]
[Round "5"]
[White "penguingm1"]
[Black "superchess02"]
[Result "1-0"]
[WhiteElo "2947"]
[BlackElo "2715"]
[TimeControl "180+1"]
[EndTime "14:37:38 PDT"]
[Termination "penguingm1 won by resignation"]

1. d4 Nf6 2. c4 e6 3. Nc3 Bb4 4. Qc2 O-O 5. Nf3 b6 6. e4 Bxc3+ 7.
bxc3 d6 8. e5 dxe5 9. dxe5 Nfd7 10. Bd3 h6 11. Bh7+ Kh8 12. Be4 c6 13. Qe2 Qc7 14. Bc2 Nc5 15. Bf4 f5 16. Rd1 g5 17.
Bc1 Ba6 18. Rd6 Qe7 19. Nd4 Rd8 20. Nxf5 exf5 21. Rxh6+ Kg8 22. Bxf5 Nbd7 23. e6 Nf8 24. Qh5 Qg7 25. O-O Bxc4 26. Rh8+ 1-0

[Event "*** SCC Grand Prix: Titled Tuesday Blitz"]
[Site "Chess.com"]
[Date "2020.08.04"]
[Round "5"]
[White "MasterKroket"]
[Black "icychess54"]
[Result "1-0"]
[WhiteElo "2400"]
[BlackElo "2264"]
[TimeControl "180+1"]
[EndTime "14:38:02 PDT"]
[Termination "MasterKroket won on time"]

1. d4 d5 2. c4 c6 3. Nf3 Nf6 4. Nc3 e6 5. Bg5 Nbd7 6. e3 Qa5 7. Nd2 Bb4 8. Qc2 Ne4 9. Ndxe4 dxe4 10. Bh4 O-O 11. Be2 e5 12. O-O exd4 13. exd4 Bxc3 14. bxc3 Re8 15. Rae1 Nf8 16. c5 Bf5 17. Bc4 Qc7 18. Bg3 Qd7 19. Qb3 Ng6 20. Rb1 e3 21. fxe3 Bxb1 22. Rxf7 1-0

[Event "*** SCC Grand Prix: Titled Tuesday Blitz"]
[Site "Chess.com"]
[Date "2020.08.04"]
[Round "5"]
[White "hansen"]
[Black "OK97"]
[Result "1-0"]
[WhiteElo "3004"]
[BlackElo "2812"]
[TimeControl "180+1"]
[EndTime "14:38:06 PDT"]
[Termination "hansen won by resignation"]

1. e4 g6 2. d4 Bg7 3. c3 d6 4. Nf3 Nf6 5. Bd3 O-O 6. O-O Nbd7 7. h3 e5 8. Re1 b6 9. Nbd2 Bb7 10. Nf1 Re8 11.
Ng3 d5 12. exd5 exd4 13. Rxe8+ Qxe8 14. c4 Nc5 15. b4 Nxd3 16. Qxd3 b5 17. cxb5 Nxd5 18.
Bd2 Nc3 19. a4 Rd8 20. Re1 Qf8 21. Qc4 Nxa4 22. Qxc7 Rb8 23. Bf4 Bxf3 24. Qxb8 Qxb8 25. Bxb8 Bd5 26. Re8+ 1-0

[Event "*** SCC Grand Prix: Titled Tuesday Blitz"]
[Site "Chess.com"]
[Date "2020.08.04"]
[Round "5"]
[White "RobertoJBM"]
[Black "Zkid"]
[Result "0-1"]
[WhiteElo "2706"]
[BlackElo "2808"]
[TimeControl "180+1"]
[EndTime "14:38:06 PDT"]
[Termination "Zkid won on time"]

1. d4 d5 2. c4 dxc4 3. Nf3 Nf6 4. e3 e6 5. Bxc4 c5 6. dxc5 Qxd1+ 7. Kxd1 Bxc5 8. b3 b6 9. Bb2 Ke7 10. Ke2 Bb7 11. Nbd2 Nc6 12. a3 Rhd8 13. b4 Bd6 14. Rhd1 Rac8 15. Rac1 Rc7 16. Bxf6+ gxf6 17. Ne4 Be5 18.
Rxd8 Nxd8 19. Nxe5 Bxe4 20. f3 fxe5 21. fxe4 b5 0-1

[Event "*** SCC Grand Prix: Titled Tuesday Blitz"]
[Site "Chess.com"]
[Date "2020.08.04"]
[Round "5"]
[White "Chuchofrio1"]
[Black "ailime26"]
[Result "0-1"]
[WhiteElo "2299"]
[BlackElo "1899"]
[TimeControl "180+1"]
[EndTime "14:38:13 PDT"]
[Termination "ailime26 won by resignation"]

1. e4 c5 2. Nc3 Nc6 3. Bb5 g6 4. Bxc6 dxc6 5. f4 Bg7 6. Nf3 Nf6 7. O-O O-O 8. d3 b5 9. Qe1 Qc7 10. Qh4 c4 11. f5 cxd3 12. cxd3 b4 13. Ne2 Ba6 14. Bh6 Bxd3 15. fxg6 fxg6 16. Ng5 Bxh6 17.
Qxh6 Bxe2 18. Rxf6 exf6 19. Ne6 Qb6+ 20. Kh1 Rf7 21. Re1 Bg4 22. Nf4 Qf2 23. Rg1 Re8 24. Nxg6 hxg6 25. Qxg6+ Rg7 26. Qxe8+ Kh7 27. b3 Bf3 28. h3 Bxg2+ 29. Kh2 Bf3+ 0-1

[Event "*** SCC Grand Prix: Titled Tuesday Blitz"]
[Site "Chess.com"]
[Date "2020.08.04"]
[Round "5"]
[White "Mikhail_Golubev"]
[Black "YIYUKI"]
[Result "1-0"]
[WhiteElo "2603"]
[BlackElo "2306"]
[TimeControl "180+1"]
[EndTime "14:38:14 PDT"]
[Termination "Mikhail_Golubev won by resignation"]

1. e4 e5 2. Nf3 Nc6 3. Nc3 Nf6 4. d4 exd4 5. Nxd4 Bc5 6. Be3 Bb6 7. Qd2 O-O 8. O-O-O Re8 9. f3 d6 10. Bc4 Ne5 11. Be2 c6 12. g4 d5 13. g5 Nh5 14.
exd5 cxd5 15. f4 Ng4 16. Bg1 Bxd4 17. Bxd4 Qe7 18. Rhg1 f5 19. h3 Ne3 20. Bxe3 Qxe3 21. Bxh5 Qxd2+ 22. Rxd2 1-0

[Event "*** SCC Grand Prix: Titled Tuesday Blitz"]
[Site "Chess.com"]
[Date "2020.08.04"]
[Round "5"]
[White "praveenb2002"]
[Black "TST2014"]
[Result "1-0"]
[WhiteElo "2785"]
[BlackElo "2533"]
[TimeControl "180+1"]
[EndTime "14:38:33 PDT"]
[Termination "praveenb2002 won by resignation"]

1. d4 Nf6 2. c4 c5 3. d5 b5 4. cxb5 a6 5. b6 d6 6. Nc3 Nbd7 7. e4 g6 8. Nf3 Bg7 9. Be2 O-O 10. O-O Nxb6 11. h3 Ne8 12. Bf4 Nc7 13. Qd2 Re8 14. Bh6 Bh8 15. Ng5 e6 16. dxe6 Nxe6 17.
a4 Nd4 18. a5 Nd7 19. Nd5 Nf6 20. Bc4 Rb8 21. Nxf6+ Qxf6 22. Bxf7+ Qxf7 23. Nxf7 Kxf7 24. Qf4+ Ke7 25. Bg5+ Kd7 26. Qf7+ Re7 27. Qxe7+ Kc6 28. Qxh7 Be6 29. f4 Ne2+ 30. Kh2 Bxb2 31. Rae1 Bc4 32.
Rf2 Bc3 33. Rexe2 Bxe2 34. Rxe2 Bxa5 35. Qa7 Rb6 36. Bd8 Rb7 37. Qxa6+ Bb6 38. Rb2 Ra7 39. Rxb6+ 1-0

[Event "*** SCC Grand Prix: Titled Tuesday Blitz"]
[Site "Chess.com"]
[Date "2020.08.04"]
[Round "5"]
[White "tlomigtlis"]
[Black "BJthechessgod"]
[Result "1-0"]
[WhiteElo "2421"]
[BlackElo "2257"]
[TimeControl "180+1"]
[EndTime "14:38:36 PDT"]
[Termination "tlomigtlis won by resignation"]

1. d4 Nf6 2. c4 b6 3. Nc3 e6 4. Qc2 Bb4 5. a3 Bxc3+ 6. Qxc3 Bb7 7. Bg5 O-O 8. e3 d6 9. Ne2 Nbd7 10. Qc2 h6 11.
Bh4 g5 12. Bg3 Ne4 13. Nc3 f5 14. Bd3 Ndf6 15. f3 Nxc3 16. Qxc3 Qe7 17. O-O-O a5 18. h4 g4 19. fxg4 Nxg4 20. Qd2 h5 21. Rde1 Be4 22.
Qc2 Bxd3 23. Qxd3 d5 24. Rhf1 dxc4 25. Qxc4 Nf6 26. Rxf5 Ne4 27. Rxh5 Nxg3 28. Rg5+ Kf7 29. Rxg3 Rg8 30. Rf1+ Qf6 31. Qxc7+ Ke8 32. Rxg8+ 1-0

[Event "*** SCC Grand Prix: Titled Tuesday Blitz"]
[Site "Chess.com"]
[Date "2020.08.04"]
[Round "5"]
[White "Ermito2020"]
[Black "VerdeNotte"]
[Result "0-1"]
[WhiteElo "2671"]
[BlackElo "2858"]
[TimeControl "180+1"]
[EndTime "14:38:38 PDT"]
[Termination "VerdeNotte won by resignation"]

1. e4 e5 2. Nf3 Nc6 3. d4 exd4 4. Bc4 Bc5 5. c3 Nf6 6. e5 d5 7. Bb5 Ne4 8. cxd4 Bb6 9. Nc3 O-O 10. Be3 Bg4 11. h3 Bh5 12. Bd3 Nxd4 13. g4 Nxc3 14. bxc3 Nxf3+ 15. Qxf3 Bg6 16. Bxg6 fxg6 17. Qe2 Ba5 18.
Bd2 Qh4 19. Kf1 Bb6 20. Be3 Bxe3 21. Qxe3 Rxf2+ 22. Qxf2 Rf8 23. Qxf8+ Kxf8 24. Kg2 Qg5 25. Rhf1+ Ke7 26. Rae1 Qd2+ 27. Kh1 Ke6 28. Rc1 Qxa2 29.
Kg1 Qd2 30. c4 dxc4 31. Rxc4 Qe3+ 32. Kg2 Qe2+ 0-1

[Event "*** SCC Grand Prix: Titled Tuesday Blitz"]
[Site "Chess.com"]
[Date "2020.08.04"]
[Round "5"]
[White "Lucas_Tomiello"]
[Black "StoreySniper"]
[Result "1-0"]
[WhiteElo "2467"]
[BlackElo "2454"]
[TimeControl "180+1"]
[EndTime "14:38:39 PDT"]
[Termination "Lucas_Tomiello won by resignation"]

1. e4 g6 2. d4 Bg7 3. Nc3 c5 4. dxc5 Bxc3+ 5. bxc3 Nf6 6. f3 Qa5 7. Ne2 Na6 8. Be3 Nxc5 9. e5 Nh5 10. g4 Ng7 11.
Bg2 h5 12. O-O hxg4 13. fxg4 Nge6 14. Qd2 Qc7 15. Bd4 Nxd4 16. cxd4 Ne6 17. c3 f6 18. Nf4 fxe5 19. Nxg6 Rg8 20. Qh6 Qxc3 21. Qh7 Qxd4+ 22. Kh1 Kd8 23. Qxg8+ Kc7 24. Rac1+ Kb6 25. Rxc8 Rxc8 26. Qxc8 Qxg4 27. Nxe5 Qd4 28. Nxd7+ 1-0

[Event "*** SCC Grand Prix: Titled Tuesday Blitz"]
[Site "Chess.com"]
[Date "2020.08.04"]
[Round "5"]
[White "GM_LOADING"]
[Black "Donskov_AN"]
[Result "1-0"]
[WhiteElo "2619"]
[BlackElo "2412"]
[TimeControl "180+1"]
[EndTime "14:38:40 PDT"]
[Termination "GM_LOADING won by resignation"]

1. d4 e6 2. Nf3 f5 3. g3 Nf6 4. Bg2 d5 5. O-O c6 6. c4 Bd6 7. b3 Qe7 8. Bb2 O-O 9. Qc1 b6 10. Ba3 a5 11. Ne5 Bb7 12. Bxd6 Qxd6 13. Qa3 Qxa3 14.
Nxa3 Nbd7 15. Nd3 Rfe8 16. Rfc1 Ne4 17. e3 Rac8 18. Rc2 a4 19. b4 Ba6 20. Rac1 Nd6 21.
b5 dxc4 22. bxa6 cxd3 23. Rd2 Ne4 24. Rxd3 b5 25. a7 Nb6 26. Bxe4 fxe4 27. Rdc3 b4 28. Rxc6 Ra8 29. Rxb6 bxa3 30. Rc7 1-0

[Event "*** SCC Grand Prix: Titled Tuesday Blitz"]
[Site "Chess.com"]
[Date "2020.08.04"]
[Round "5"]
[White "SantoBlue"]
[Black "Mazetovic"]
[Result "1-0"]
[WhiteElo "2916"]
[BlackElo "2702"]
[TimeControl "180+1"]
[EndTime "14:38:47 PDT"]
[Termination "SantoBlue won by resignation"]

1. e4 c5 2. Nf3 Nc6 3. c3 Nf6 4. e5 Nd5 5. Bc4 Nb6 6. Bb3 c4 7. Bc2 Qc7 8. O-O Nxe5 9. Nxe5 Qxe5 10. Re1 Qf6 11. a4 e6 12. Qh5 g6 13. Qb5 Be7 14.
a5 Nd5 15. Qxc4 O-O 16. d4 Bd6 17. Nd2 b5 18. axb6 Nxb6 19. Qe2 Bb7 20. Be4 Bd5 21. c4 Rae8 22. c5 Qxd4 23. cxb6 Qxb6 24. Nf3 Bxe4 25.
Qxe4 Be7 26. Bh6 f5 27. Qa4 Rf7 28. Ne5 Bc5 29. Be3 Bxe3 30. Rxe3 Rfe7 31. Nxd7 Qc7 32.
Nf6+ 1-0

[Event "*** SCC Grand Prix: Titled Tuesday Blitz"]
[Site "Chess.com"]
[Date "2020.08.04"]
[Round "5"]
[White "Rud_Makarian"]
[Black "exoticprincess"]
[Result "0-1"]
[WhiteElo "2650"]
[BlackElo "2832"]
[TimeControl "180+1"]
[EndTime "14:38:51 PDT"]
[Termination "exoticprincess won on time"]

1. e4 c6 2. d4 d5 3. Nc3 dxe4 4. Nxe4 Bf5 5. Ng3 Bg6 6. h4 h6 7. Nf3 Nd7 8. Bd3 Bxd3 9. Qxd3 e6 10. Bf4 Ngf6 11. O-O-O Qb6 12. Ne4 Nxe4 13. Qxe4 O-O-O 14. Ne5 Nxe5 15. Bxe5 h5 16. Rh3 Qb5 17. Rf3 Rd7 18.
b3 Qd5 19. Qe2 Rg8 20. c4 Qa5 21. Kb1 g6 22. d5 exd5 23. cxd5 Rxd5 24. Rxf7 Rxe5 25.
Qf3 Ba3 0-1

[Event "*** SCC Grand Prix: Titled Tuesday Blitz"]
[Site "Chess.com"]
[Date "2020.08.04"]
[Round "5"]
[White "Orest_Vovk"]
[Black "Fortitudine"]
[Result "0-1"]
[WhiteElo "2443"]
[BlackElo "2265"]
[TimeControl "180+1"]
[EndTime "14:38:51 PDT"]
[Termination "Fortitudine won by checkmate"]

1. Nf3 c5 2. g3 Nf6 3. Bg2 g6 4. O-O Bg7 5. c4 O-O 6. Nc3 d6 7. d3 Nc6 8. e4 Ne8 9. Ne2 Nc7 10. Rb1 Rb8 11. a3 a6 12. b4 cxb4 13. axb4 b5 14. Bd2 Bg4 15. h3 Bxf3 16. Bxf3 Ne6 17. cxb5 axb5 18. Be3 Ned4 19. Nxd4 Nxd4 20. Bg2 Qd7 21. Qd2 Rfc8 22. Bxd4 Bxd4 23. Rfc1 Qa7 24. Bf1 h5 25. Kg2 Kg7 26. Be2 Bxf2 27. Kf3 Bd4 28. Rxc8 Rxc8 29. Rc1 Rxc1 30. Qxc1 Qd7 31. Kg2 Qe6 32.
Qc2 Qf6 33. Bf3 h4 34. gxh4 Qxh4 35. Qe2 Qg5+ 36. Kh1 Qg1# 0-1

[Event "*** SCC Grand Prix: Titled Tuesday Blitz"]
[Site "Chess.com"]
[Date "2020.08.04"]
[Round "5"]
[White "amatatanav"]
[Black "Vadim_Biliy"]
[Result "1-0"]
[WhiteElo "2423"]
[BlackElo "2237"]
[TimeControl "180+1"]
[EndTime "14:38:51 PDT"]
[Termination "amatatanav won by resignation"]

1. e4 d6 2. d4 Nf6 3. Nc3 g6 4. f4 Bg7 5. Nf3 O-O 6. Bd3 Na6 7. O-O c5 8. d5 Nc7 9. a4 e6 10. dxe6 Bxe6 11. f5 Bd7 12. Bg5 Bc6 13. Qe1 h6 14. Qh4 hxg5 15. Nxg5 Nce8 16. fxg6 fxg6 17. Bc4+ d5 18.
Nxd5 Bxd5 19. Bxd5+ Qxd5 20. exd5 Nd6 21. Rxf6 Rxf6 22. Qh7+ Kf8 23. Ne6+ Rxe6 24. dxe6 Re8 25. Rf1+ Nf5 26. Qxg6 Bd4+ 27. Kh1 Ke7 28. Qxf5 Kd8 29. c3 Bh8 30. Rd1+ Kc8 31. e7+ Kc7 32. Qd7+ 1-0

[Event "*** SCC Grand Prix: Titled Tuesday Blitz"]
[Site "Chess.com"]
[Date "2020.08.04"]
[Round "5"]
[White "albano87"]
[Black "mapleaff"]
[Result "0-1"]
[WhiteElo "2452"]
[BlackElo "2393"]
[TimeControl "180+1"]
[EndTime "14:39:05 PDT"]
[Termination "mapleaff won by resignation"]

1. e4 e5 2. d4 exd4 3. Qxd4 Nc6 4. Qe3 g6 5. Nc3 Bg7 6. Bd2 Nf6 7. O-O-O O-O 8. Bc4 d6 9. f3 a6 10. h4 b5 11. Bb3 Na5 12. Nd5 Nxb3+ 13. axb3 Nxd5 14.
exd5 a5 15. Bc3 a4 16. bxa4 Rxa4 17. Kb1 Rxh4 18. Rxh4 Qxh4 19. Bxg7 Kxg7 20. Qc3+ Qf6 21. Qxc7 Bf5 22. Qc3 Rc8 23. Qxf6+ Kxf6 24. Rd2 b4 25. b3 Ke5 26. Kb2 Kf4 27. Rd4+ Kg3 28. Rd2 h5 29. Ne2+ Kxg2 30. Nd4+ Kg3 31. Nc6 h4 32.
Nxb4 h3 33. Nc6 h2 0-1

[Event "*** SCC Grand Prix: Titled Tuesday Blitz"]
[Site "Chess.com"]
[Date "2020.08.04"]
[Round "5"]
[White "biaf13"]
[Black "51616516516"]
[Result "1-0"]
[WhiteElo "1982"]
[BlackElo "2254"]
[TimeControl "180+1"]
[EndTime "14:39:05 PDT"]
[Termination "biaf13 won by resignation"]

1. e4 c5 2. Nf3 g6 3. d4 cxd4 4. Nxd4 Nc6 5. Nc3 Bg7 6. Be3 Nf6 7. Bc4 O-O 8. Bb3 d6 9. f3 Bd7 10. Qd2 Nxd4 11. Bxd4 b5 12. O-O-O a5 13. Nd5 Nxd5 14. Bxd5 Bxd4 15. Bxa8 Bxb2+ 16. Kxb2 Qxa8 17. Qd5 Bc6 18.
Qd4 b4 19. h4 Qb7 20. h5 Qb5 21.
f4 Rc8 22. hxg6 fxg6 23. Rxh7 Kxh7 24. Rh1+ Kg8 25. Rh8+ Kf7 26. Rxc8 Bd7 27. Rh8 Be6 28. Rh7+ Ke8 29. Qa7 Bd7 30. Qa8+ 1-0

[Event "*** SCC Grand Prix: Titled Tuesday Blitz"]
[Site "Chess.com"]
[Date "2020.08.04"]
[Round "5"]
[White "DenLaz"]
[Black "mishanick"]
[Result "1/2-1/2"]
[WhiteElo "2717"]
[BlackElo "2930"]
[TimeControl "180+1"]
[EndTime "14:39:09 PDT"]
[Termination "Game drawn by repetition"]

1. d4 Nf6 2. c4 e6 3. Nf3 d5 4.
Nc3 dxc4 5. e4 b5 6. e5 Nd5 7.
Nxb5 Nb6 8. Be2 Nc6 9. O-O Rb8 10.
Qd2 Be7 11. Nc3 O-O 12. Qf4 Kh8 13. Rd1 Nb4 14. Qg3 Bb7 15. a3 N4d5 16. Ne4 Ne3 17. Bxe3 Bxe4 18. Nd2 Bd5 19. a4 a5 20. Rdc1 Qd7 21.
Nxc4 Nxc4 22. Bxc4 Bxc4 23. Rxc4 Rxb2 24. Rac1 Rc8 25. Qf3 Kg8 26. g3 g6 27. Qc6 Qd8 28. h4 h5 29. d5 Qxd5 30. Qxd5 exd5 31. Rxc7 Rxc7 32. Rxc7 Bb4 33. Rc8+ Kh7 34. Rc7 Kg8 35. Rc8+ Kh7 36. Rc7 Kg8 1/2-1/2

[Event "*** SCC Grand Prix: Titled Tuesday Blitz"]
[Site "Chess.com"]
[Date "2020.08.04"]
[Round "5"]
[White "ElGasanov"]
[Black "Konavets"]
[Result "0-1"]
[WhiteElo "2787"]
[BlackElo "3074"]
[TimeControl "180+1"]
[EndTime "14:39:13 PDT"]
[Termination "Konavets won by resignation"]

1. d4 Nf6 2. c4 g6 3. Nc3 d5 4. Bf4 Bg7 5. e3 c5 6. dxc5 Qa5 7. Rc1 dxc4 8. Bxc4 O-O 9. Nf3 Qxc5 10. Bb3 Qa5 11. O-O Nc6 12. h3 Bf5 13. Qe2 Ne4 14. g4 Nxc3 15. bxc3 Bd7 16. Rfd1 Rad8 17. Ng5 e6 18. Ne4 h6 19. Bxh6 Bxh6 20. Nf6+ Kg7 21. Nxd7 Rfe8 22.
Qf3 Bg5 23. Qg3 Re7 24. h4 Rexd7 25. hxg5 Qxg5 26. Qf4 Rxd1+ 27. Rxd1 Rxd1+ 28. Bxd1 Qc5 29. Bf3 Qxc3 30. Qc7 Qa1+ 31. Kg2 Ne5 32. Qxb7 Qxa2 33. g5 Nxf3 34. Kxf3 Qd5+ 35. Qxd5 exd5 36. Ke2 f6 37. f4 fxg5 38. fxg5 Kf7 39. Kd3 Ke6 40. Kd4 Kd6 41. Kc3 Ke5 0-1

[Event "*** SCC Grand Prix: Titled Tuesday Blitz"]
[Site "Chess.com"]
[Date "2020.08.04"]
[Round "5"]
[White "KarstenHansch"]
[Black "vovachesss"]
[Result "0-1"]
[WhiteElo "2412"]
[BlackElo "2589"]
[TimeControl "180+1"]
[EndTime "14:39:14 PDT"]
[Termination "vovachesss won by resignation"]

1. e4 c6 2. d4 d5 3. e5 c5 4. dxc5 e6 5. a3 Bxc5 6. b4 Bb6 7. Nf3 Ne7 8. Bd3 Nbc6 9. O-O Ng6 10. Bb2 Bd7 11. g3 Qc7 12. Qe2 d4 13. Re1 O-O-O 14. Nbd2 f6 15. Nc4 Ncxe5 16. Ncxe5 Nxe5 17. Nxe5 fxe5 18. Qxe5 Qxe5 19. Rxe5 Bc7 20. Re2 e5 21. f3 Bc6 22. Be4 Rhf8 23. Kg2 Bb5 24. Rd2 g6 25. c3 dxc3 26. Bxc3 Rxd2+ 27. Bxd2 Rd8 28. Bg5 Rd7 29.
h4 Bd3 30. Re1 Bxe4 31. Rxe4 Rd3 32. Re3 Rd2+ 33. Kh3 Rf2 34. Kg4 Kd7 35. Rd3+ Ke6 36. Be3 h5+ 37. Kg5 Rxf3 38. Kxg6 Rxg3+ 39. Kxh5 Bb6 40. Bxb6 Rxd3 41. Bxa7 Rxa3 42. Bc5 Kf5 43. Kh6 e4 44. h5 e3 45. Kg7 e2 46. Bf2 Rf3 47. Be1 Rf1 48. Bd2 Rg1+ 0-1

[Event "*** SCC Grand Prix: Titled Tuesday Blitz"]
[Site "Chess.com"]
[Date "2020.08.04"]
[Round "5"]
[White "VincentKeymer"]
[Black "wannabe2700"]
[Result "1-0"]
[WhiteElo "2878"]
[BlackElo "2672"]
[TimeControl "180+1"]
[EndTime "14:39:15 PDT"]
[Termination "VincentKeymer won by resignation"]

1. Nf3 d5 2. c4 d4 3. e3 Nc6 4. b4 dxe3 5. fxe3 Nxb4 6. Nc3 Nf6 7. d4 e6 8. a3 Nc6 9. Bd3 Be7 10. O-O O-O 11.
Bb2 b6 12. Qc2 Bb7 13. Rad1 g6 14. Ne2 Ng4 15. Qc1 Bg5 16. Nf4 e5 17. dxe5 Qe7 18. Nd5 Qd8 19. h3 Nh6 20. Nxg5 Qxg5 21. Nf6+ Kh8 22. e6 Ne5 23. Be4 Ng8 24. Bxb7 Nxf6 25.
Bxa8 Rxa8 26. Qc3 Nfg4 27. hxg4 f6 28. Rxf6 Qxg4 29. Qxe5 1-0

[Event "*** SCC Grand Prix: Titled Tuesday Blitz"]
[Site "Chess.com"]
[Date "2020.08.04"]
[Round "5"]
[White "Kavyev_Ruslan"]
[Black "Iskusnyh"]
[Result "0-1"]
[WhiteElo "2401"]
[BlackElo "2572"]
[TimeControl "180+1"]
[EndTime "14:39:15 PDT"]
[Termination "Iskusnyh won by resignation"]

1. e4 e6 2. d4 d5 3. Nc3 Nf6 4. Bg5 dxe4 5. Nxe4 Nbd7 6. Nf3 h6 7. Bxf6 Nxf6 8. Bd3 c5 9. Nxc5 Bxc5 10. dxc5 Qa5+ 11. c3 Qxc5 12. Qe2 O-O 13. O-O Bd7 14. Ne5 Rfd8 15. Rfd1 Be8 16. Bc2 Rd5 17. Nd3 Qb6 18. Nf4 Rxd1+ 19. Rxd1 Rd8 20. Rxd8 Qxd8 21. Qd3 Qc7 22.
Qe3 Bc6 23. Nd3 b6 24. Qe5 Qd8 25. a3 Be4 26. Qd4 Qxd4 27. cxd4 Kf8 28. f3 Bxd3 29.
Bxd3 Ke7 30. Kf2 Kd6 31. Ke3 Nd5+ 32. Kd2 g5 33. g3 Ne7 34. Be4 Nc6 35. Kc3 Ne7 36.
Kb4 f5 37. Bb7 Kc7 38. Ba8 Kb8 39. d5 exd5 0-1

[Event "*** SCC Grand Prix: Titled Tuesday Blitz"]
[Site "Chess.com"]
[Date "2020.08.04"]
[Round "5"]
[White "Dr-Bassem"]
[Black "Keithonsky"]
[Result "1-0"]
[WhiteElo "2790"]
[BlackElo "2562"]
[TimeControl "180+1"]
[EndTime "14:39:20 PDT"]
[Termination "Dr-Bassem won by resignation"]

1. e4 e6 2. d3 c5 3. g3 Nc6 4. Bg2 g6 5. Nf3 Bg7 6. O-O Nge7 7. c3 d6 8. d4 O-O 9. Re1 b6 10. h4 Bb7 11. h5 e5 12. hxg6 hxg6 13. d5 Nb8 14. Ng5 Nd7 15. Qg4 Re8 16. Qh4 Nf8 17.
Bh3 Bc8 18. Kg2 Bxh3+ 19. Qxh3 Qc8 20. Qh4 f6 21. Nf3 g5 22. Qh5 Neg6 23. Na3 Qa6 24. c4 Qb7 25. Nc2 Qf7 26. Rh1 Qd7 27. Ne3 Kf7 28.
Nf5 b5 29. Bxg5 fxg5 30. Nxg5+ Kf6 31. Qf3 Kxg5 32. Nxg7 Nf4+ 33. gxf4+ Kg6 34. Nxe8 Rxe8 35. Qh5+ Kg7 36. Qh8+ Kf7 37. Rh7+ 1-0

[Event "*** SCC Grand Prix: Titled Tuesday Blitz"]
[Site "Chess.com"]
[Date "2020.08.04"]
[Round "5"]
[White "Resignify"]
[Black "Char_dasha"]
[Result "0-1"]
[WhiteElo "2208"]
[BlackElo "2401"]
[TimeControl "180+1"]
[EndTime "14:39:22 PDT"]
[Termination "Char_dasha won on time"]

1. e4 e5 2. Nf3 Nc6 3. Bb5 d6 4.
c3 Bd7 5. d4 a6 6. Ba4 b5 7. Bb3 Na5 8. Bc2 Qe7 9. O-O g6 10.
dxe5 dxe5 11. Bg5 Nf6 12. Nbd2 Bg7 13. Qe2 O-O 14. Rad1 Rfe8 15. Rfe1 Rad8 16. Nf1 Nc4 17. b3 Nb6 18. Ne3 Bc6 19. Rxd8 Qxd8 20. Rd1 Qc8 21. Bxf6 Bxf6 22. h3 h5 23. Nd5 Bxd5 24. exd5 e4 25.
Bxe4 Bxc3 26. Qc2 Bg7 27. Bd3 Qd7 28. Qc6 Rd8 29. Be4 Qxc6 0-1

[Event "*** SCC Grand Prix: Titled Tuesday Blitz"]
[Site "Chess.com"]
[Date "2020.08.04"]
[Round "5"]
[White "SamuelGhimpu2003"]
[Black "rasmussvane"]
[Result "0-1"]
[WhiteElo "2558"]
[BlackElo "2861"]
[TimeControl "180+1"]
[EndTime "14:39:23 PDT"]
[Termination "rasmussvane won by resignation"]

1. Nf3 d5 2. b3 Bf5 3. Bb2 e6 4. d3 h6 5. Nbd2 Nf6 6. g3 Be7 7. Bg2 O-O 8. O-O Bh7 9. Rc1 c5 10. Ne5 Qc7 11. e3 Nbd7 12. Nxd7 Qxd7 13. Qe2 Rfd8 14.
e4 Rac8 15. Rfe1 b5 16. exd5 Nxd5 17. Ne4 Bf5 18. Rcd1 Qc7 19. c4 bxc4 20. dxc4 Nb4 21. a3 Nc6 22. Qe3 Nd4 23. Rd2 e5 24. Nc3 Bg5 25. f4 exf4 26. Qf2 fxg3 0-1

[Event "*** SCC Grand Prix: Titled Tuesday Blitz"]
[Site "Chess.com"]
[Date "2020.08.04"]
[Round "5"]
[White "smartinusa"]
[Black "OparinGrigoriy"]
[Result "0-1"]
[WhiteElo "2584"]
[BlackElo "2944"]
[TimeControl "180+1"]
[EndTime "14:39:26 PDT"]
[Termination "OparinGrigoriy won by resignation"]

1. d4 Nf6 2. c4 e6 3. Nf3 Bb4+ 4. Bd2 a5 5. g3 d5 6. Bg2 O-O 7. O-O c6 8. Qc2 Nbd7 9. Bg5 h6 10. Bf4 Be7 11. Nbd2 Nh5 12. Be3 b6 13. Rac1 Ba6 14. Rfe1 f5 15. a3 Nhf6 16. Bf4 g5 17. Be5 g4 18. Nh4 Kh7 19. cxd5 cxd5 20. Nxf5 exf5 21.
Qxf5+ Kh8 22. Qf4 Nxe5 23. dxe5 Nh7 24. Qxg4 Ra7 25. Rc6 Bc5 26. e3 Rg7 27. Rg6 Rxg6 28. Qxg6 Qg5 29. Qxg5 Nxg5 30. Bxd5 Rd8 31. e4 Bd4 32. h4 Nh3+ 33. Kg2 Nxf2 34. Nf3 Nd3 35. Rd1 Bxb2 36. e6 Nc5 37. a4 Bf6 38. Rb1 Nxa4 39. Rc1 Nc3 40. Rb1 Nxb1 0-1

[Event "*** SCC Grand Prix: Titled Tuesday Blitz"]
[Site "Chess.com"]
[Date "2020.08.04"]
[Round "5"]
[White "Anna_ChessMate"]
[Black "goldenpuppy"]
[Result "1-0"]
[WhiteElo "2612"]
[BlackElo "2420"]
[TimeControl "180+1"]
[EndTime "14:39:32 PDT"]
[Termination "Anna_ChessMate won by resignation"]

1. d4 Nf6 2. c4 e6 3. Nf3 c5 4. Nc3 d5 5. cxd5 exd5 6. g3 Nc6 7. Bg2 Be7 8. O-O O-O 9. Bg5 cxd4 10. Nxd4 h6 11.
Bf4 Qb6 12. Be3 Qd8 13. Rc1 Be6 14. Re1 Ng4 15. Bf4 Bc5 16. e3 Nxd4 17. exd4 Be7 18. Rxe6 Nxf2 19. Kxf2 fxe6 20. Kg1 Bf6 21. Kh1 Qb6 22.
Qg4 Rae8 23. Bxh6 Qxd4 24. Qxd4 Bxd4 25. Bf4 Rc8 26. Bh3 Rfe8 27. Re1 Bxc3 28. bxc3 Rxc3 29. Bxe6+ Kh8 30. Re5 g6 31. Bxd5 Rcc8 32. Bxb7 Rcd8 33. Kg2 Kg7 34. Bf3 Kf7 35. Ra5 Rd7 36. Bc6 Re2+ 37. Kf3 Rde7 38. Bg5 R2e5 39. Bd5+ 1-0